 Dungeon Crawl Stone Soup version 0.18.1-48-g4cf74bf (webtiles) character file.

266 gigapuddisalt the Bolt Thrower (level 6, -2/35 HPs)
             Began as a Kobold Hunter on July 6, 2016.
             Shot with an arrow by a centaur (11 damage)
             ... on level 5 of the Dungeon.
             The game lasted 00:20:19 (2879 turns).

gigapuddisalt the Bolt Thrower (Kobold Hunter)      Turns: 2879, Time: 00:20:19

Health: -2/35      AC:  2    Str: 11    XL:     6   Next: 44%
Magic:  6/6        EV: 16    Int:  9    God:
Gold:   96         SH:  0    Dex: 18    Spells: 0 memorised, 5 levels left

rFire  . . .     SeeInvis .     a - +2 hand crossbow
rCold  . . .     Gourm    .     n - +0 robe (curse)
rNeg   . . .     Faith    .     (shield restricted)
rPois  .         Spirit   .     (no helmet)
rElec  .         Dismiss  .     (no cloak)
rCorr  .         Reflect  .     (no gloves)
SustAt .         Harm     .     (no boots)
MR     .....                    (no amulet)
Stlth  +++.......               (no ring)
                                (no ring)

@: not resistant to hostile enchantments, fairly stealthy
A: carnivore 3
a: no special abilities


You were on level 5 of the Dungeon.
You were not hungry.

You visited 1 branch of the dungeon, and saw 4 of its levels.

You collected 96 gold pieces.

Inventory:

Hand Weapons
 a - a +2 hand crossbow (weapon)
 b - a +0 short sword
 g - a +2 short sword of electrocution
Missiles
 d - 53 bolts (quivered)
Armour
 c - a +0 leather armour
 n - a cursed +0 robe (worn)
Wands
 q - a wand of heal wounds (3/9)
Scrolls
 h - a scroll of enchant weapon
 i - 5 scrolls of identify
 k - 3 scrolls of teleportation
Potions
 e - a potion of flight
 j - a potion of brilliance
 m - a potion of heal wounds
 o - a potion of mutation {unknown}
Comestibles
 f - 2 meat rations
 p - a slice of pizza


   Skills:
 + Level 2.2 Fighting
 + Level 7.9 Crossbows
 + Level 1.2 Armour
 + Level 3.1 Dodging
 * Level 2.6 Stealth


You had 5 spell levels left.
You didn't know any spells.

Dungeon Overview and Level Annotations

Branches:
Dungeon (3/15)             Temple (0/1) D:5

Altars:


Innate Abilities, Weirdness & Mutations

You are small and have problems with some larger weapons.
You are carnivorous and can eat meat at any time.


Message History

Found a staircase to the Ecumenical Temple.
You see here 17 gold pieces.
The ogre barely misses you. The shadow imp gestures at you.
Pain shoots through your body!
Found 16 stones.
Found a viscous green potion.
Drink which item? (? for menu, Esc to quit)
You feel better. The ogre completely misses you.
Found 8 gold pieces and a scroll labeled ORESUZY CUTYG.
A centaur comes into view.
The centaur shouts!
The centaur wields a shortbow.
The centaur shoots an arrow.
The arrow hits you.
Things that are here:
an arrow; a scroll labeled ORESUZY CUTYG The centaur shoots an arrow.
The arrow barely misses you. The ogre hits you with a giant club!
* * * LOW HITPOINT WARNING * * *
The centaur shoots an arrow.
The arrow hits you!
You die...

##...##(8.8.8...##...##
#...............##...#
#...............##...##
#......................
#...............>....##
##...##..........$...#
##..5##...###...##....#
#..$O##...#######.....#
#...(.@.....# ....##
#.....!.....# ######
####.###...## #c# #####
... #... +... ##...


You could see an ogre and a centaur.

Vanquished Creatures
  An orc priest (D:3)
  Natasha (thrice) (D:2 D:3)
  Terence (D:2)
  3 gnolls (D:3)
  3 adders
  An ooze (D:1)
  A dart slug (D:2)
  3 giant geckos (D:3)
  3 orcs (D:3)
  A ball python (D:1)
  8 bats
  A giant cockroach (D:1)
  7 hobgoblins
  9 jackals
  4 quokkas
  6 giant newts
  5 goblins
  6 kobolds
  6 rats
72 creatures vanquished.

Notes
Turn   | Place    | Note
--------------------------------------------------------------
     0 | D:1      | gigapuddisalt the Kobold Hunter began the quest for the Orb.
     0 | D:1      | Reached XP level 1. HP: 12/12 MP: 1/1
    12 | D:1      | Reached skill level 5 in Crossbows
   116 | D:1      | Reached XP level 2. HP: 10/17 MP: 2/2
   720 | D:1      | Reached XP level 3. HP: 20/21 MP: 3/3
  1085 | D:2      | Noticed Terence
  1095 | D:2      | Killed Terence
  1095 | D:2      | Reached skill level 6 in Crossbows
  1095 | D:2      | Reached skill level 1 in Armour
  1095 | D:2      | Reached XP level 4. HP: 26/26 MP: 4/4
  1339 | D:2      | Noticed Natasha
  1347 | D:2      | Killed Natasha
  1828 | D:3      | Reached XP level 5. HP: 22/30 MP: 5/5
  1874 | D:3      | Noticed Natasha
  1883 | D:3      | Killed Natasha
  2050 | D:3      | Reached skill level 7 in Crossbows
  2249 | D:2      | Reached XP level 6. HP: 35/35 MP: 6/6
  2673 | D:3      | Noticed Natasha
  2677 | D:3      | Killed Natasha
  2772 | D:3      | You fall through a shaft for 2 floors!
  2772 | D:5      | Entered Level 5 of the Dungeon
  2833 | D:5      | Noticed an ogre
  2860 | D:5      | Found a staircase to the Ecumenical Temple.
  2879 | D:5      | Shot with an arrow by a centaur

Skill      XL: |  1  2  3  4  5  6 |
---------------+-------------------+-----
Crossbows      | 5 6 7 |  7.9
Armour         | 1 |  1.2
Dodging        | 3 |  3.1
Stealth        | 2 |  2.6
Fighting       | |  2.2

Action                   |  1- 3 |  4- 6 || total
-------------------------+-------+-------++-------
 Fire: Hand crossbow     |    50 |    97 ||   147
  Use: Scroll            |     3 |       ||     3
       Potion            |       |     6 ||     6
  Eat: Chunk             |       |     9 ||     9
Armor: Leather armour    |     4 |       ||     4
       Robe              |       |     1 ||     1
Dodge: Dodged            |    19 |    37 ||    56
